TOP OF THE 1ST |
---|
Kentucky Wildcats batting - Pitching for Iowa State Cyclones : RHP Darren Dailey | Pitching: RHP Darren Dailey | | Batting: RHB Lewis Childress | 0-0: Ball 1-0: Foul Ball, location: 2F 1-1: Called Strike 1-2: Ball 2-2: Foul Ball, location: 2F 2-2: Foul Ball, location: 2F 2-2: Fly out, F9 (Flyball, 9S) | Batting: RHB Haywood Young | 0-0: Ball 1-0: Ball 2-0: Called Strike 2-1: Ball 3-1: Swinging Strike 3-2: Foul Ball, location: 2F 3-2: Base on Balls | Batting: SHB Russ Beasley | 0-0: Swinging Strike 0-1: Foul Ball, location: 2F 0-2: Ball 1-2: Ball 2-2: Ball 3-2: Strikes out swinging | Batting: LHB Caden Cleveland | 0-0: Ball 1-0: Called Strike 1-1: Ball 2-1: SINGLE (Groundball, 34D) Haywood Young to second Runner from 2nd tries for 3rd, SAFE, throw made to third | Pinch Runner at 3rd Chris Young: | | Batting: RHB Gabriel Sánchez | 0-0: Foul Ball, location: 2F 0-1: Ball 1-1: Called Strike 1-2: Foul Ball, location: 2F 1-2: Ball 2-2: Strikes out looking | Top of the 1st over - 0 runs, 1 hit, 0 errors, 2 left on base; Kentucky 0 - Iowa State 0 | BOTTOM OF THE 1ST |
---|
Iowa State Cyclones batting - Pitching for Kentucky Wildcats : RHP Todd Frost | Pitching: RHP Todd Frost | | Now in LF: Chris Young | | Batting: LHB Marty Gómez | 0-0: Ball 1-0: Called Strike 1-1: SINGLE (Line Drive, 4) | Batting: SHB Octávio Longoria | 0-0: Ball Marty Gómez is caught stealing 2nd base 1-0: Fly out, F7 (Flyball, 7LM) | Batting: LHB Mike O'Bryan | 0-0: Called Strike 0-1: Ball 1-1: Swinging Strike 1-2: Strikes out swinging | Bottom of the 1st over - 0 runs, 1 hit, 0 errors, 0 left on base; Kentucky 0 - Iowa State 0 | TOP OF THE 2ND |
---|
Kentucky Wildcats batting - Pitching for Iowa State Cyclones : RHP Darren Dailey | Batting: RHB Sam Robinson | 0-0: Ball 1-0: SINGLE (Line Drive, 6M) | Batting: RHB Ken Jenkins | 0-0: Foul Ball, location: 2F 0-1: Foul Ball, location: 2F 0-2: DOUBLE (Line Drive, 9LD) Sam Robinson to third Runner from 3rd tries for Home, throw and OUT! | Batting: RHB Jacob Burke | 0-0: SINGLE (Flyball, 78M) Ken Jenkins to third Runner from 3rd tries for Home, SAFE, throw made home Jacob Burke to second | Batting: RHB Billy Forbes | 0-0: Ball 1-0: SINGLE (Line Drive, 89M) Jacob Burke to third | Batting: RHB Lewis Childress | 0-0: Ball 1-0: Ball 2-0: Ball 3-0: Called Strike 3-1: Base on Balls Billy Forbes to second | Batting: RHB Chris Young | 0-0: Ball 1-0: Foul Ball, location: 2F 1-1: Fly out, F5 (Popup, 15) | Batting: SHB Russ Beasley | 0-0: Called Strike 0-1: Swinging Strike 0-2: Ball 1-2: Ball 2-2: SINGLE (Groundball, 34D) Jacob Burke scores Billy Forbes to third Lewis Childress to second Runner from 3rd tries for Home, SAFE, no throw | Batting: LHB Caden Cleveland | 0-0: Ball 1-0: Ball Russ Beasley steals 2nd base Lewis Childress to third 2-0: Ball 3-0: Foul Ball, location: 2F 3-1: Foul Ball, location: 2F 3-2: Foul Ball, location: 2F 3-2: Strikes out looking | Top of the 2nd over - 3 runs, 5 hits, 0 errors, 2 left on base; Kentucky 3 - Iowa State 0 | BOTTOM OF THE 2ND |
---|
Iowa State Cyclones batting - Pitching for Kentucky Wildcats : RHP Todd Frost | Batting: SHB Ralph Marshall | 0-0: Swinging Strike 0-1: Ball 1-1: Called Strike 1-2: Fly out, F8 (Line Drive, 8LD) | Batting: LHB Alberto Paz | 0-0: Ball 1-0: SINGLE (Line Drive, 4D) | Batting: RHB Ollie Johnson | 0-0: Ball Alberto Paz steals 2nd base 1-0: Ground out 6-3 (Groundball, 6) Alberto Paz to third | Batting: RHB Carlos Santana | 0-0: Ball 1-0: Foul Ball, location: 2F 1-1: Ball 2-1: Ball 3-1: Foul Ball, location: 2F 3-2: Strikes out swinging | Bottom of the 2nd over - 0 runs, 1 hit, 0 errors, 1 left on base; Kentucky 3 - Iowa State 0 | TOP OF THE 3RD |
---|
Kentucky Wildcats batting - Pitching for Iowa State Cyclones : RHP Darren Dailey | Batting: RHB Gabriel Sánchez | 0-0: Ball 1-0: Ball 2-0: Called Strike 2-1: Ball 3-1: Base on Balls | Batting: RHB Sam Robinson | 0-0: Ball 1-0: Ball 2-0: Ball 3-0: Called Strike 3-1: Foul Ball, location: 2F 3-2: Strikes out swinging | Batting: RHB Ken Jenkins | 0-0: Ball 1-0: Ball 2-0: Ball 3-0: Base on Balls Gabriel Sánchez to second | Batting: RHB Jacob Burke | 0-0: Ball 1-0: Swinging Strike 1-1: SINGLE (Line Drive, 9S) Gabriel Sánchez to third Ken Jenkins to second Runner from 3rd tries for Home, throw and OUT! | Batting: RHB Billy Forbes | 0-0: Foul Ball, location: 2F 0-1: Ball 1-1: Foul Ball, location: 2F 1-2: Ball 2-2: Foul Ball, location: 2F 2-2: Ball 3-2: Base on Balls Ken Jenkins to third Jacob Burke to second | Pitching: RHP Loren Parker | | Batting: RHB Lewis Childress | 0-0: Ball 1-0: Ball 2-0: Foul Ball, location: 2F 2-1: Ball 3-1: Base on Balls Ken Jenkins scores Jacob Burke to third Billy Forbes to second | Batting: RHB Chris Young | 0-0: Foul Ball, location: 2F 0-1: Ball 1-1: Ball 2-1: Ball 3-1: Base on Balls Jacob Burke scores Billy Forbes to third Lewis Childress to second | Batting: SHB Russ Beasley | 0-0: Called Strike 0-1: Foul Ball, location: 2F 0-2: Ground out U3 (Groundball, 3L) | Top of the 3rd over - 2 runs, 1 hit, 0 errors, 3 left on base; Kentucky 5 - Iowa State 0 | BOTTOM OF THE 3RD |
---|
Iowa State Cyclones batting - Pitching for Kentucky Wildcats : RHP Todd Frost | Batting: LHB Jeff MacKinney | 0-0: Fly out, F8 (Flyball, 8LD) | Batting: RHB Jim Hall | 0-0: Called Strike 0-1: Ball 1-1: Ball 2-1: Ground out 1-3 (Groundball, P) | Batting: LHB Marty Gómez | 0-0: Ball 1-0: Swinging Strike 1-1: Swinging Strike 1-2: Ground out 4-3 (Groundball, 34) | Bottom of the 3rd over - 0 runs, 0 hits, 0 errors, 0 left on base; Kentucky 5 - Iowa State 0 | TOP OF THE 4TH |
---|
Kentucky Wildcats batting - Pitching for Iowa State Cyclones : RHP Loren Parker | Batting: LHB Caden Cleveland | 0-0: Ball 1-0: Ball 2-0: Ball 3-0: Base on Balls | Batting: RHB Gabriel Sánchez | 0-0: Fly out, F3 (Popup, 3S) | Batting: RHB Sam Robinson | 0-0: Called Strike 0-1: Swinging Strike 0-2: Ball 1-2: Ball 2-2: Strikes out looking | Batting: RHB Ken Jenkins | 0-0: Ball 1-0: Foul Ball, location: 2F 1-1: Swinging Strike 1-2: Foul Ball, location: 2F 1-2: Foul Ball, location: 2F 1-2: Ball 2-2: Strikes out swinging | Top of the 4th over - 0 runs, 0 hits, 0 errors, 1 left on base; Kentucky 5 - Iowa State 0 | BOTTOM OF THE 4TH |
---|
Iowa State Cyclones batting - Pitching for Kentucky Wildcats : RHP Todd Frost | Batting: SHB Octávio Longoria | 0-0: Ball 1-0: Foul Ball, location: 2F 1-1: Foul Ball, location: 2F 1-2: Ground out U3 (Groundball, 34) | Batting: LHB Mike O'Bryan | 0-0: Ball 1-0: Called Strike 1-1: Foul Ball, location: 2F 1-2: SINGLE (Groundball, 4MD) | Batting: SHB Ralph Marshall | 0-0: Ball 1-0: Foul Ball, location: 2F 1-1: Called Strike 1-2: Ball 2-2: SINGLE (Groundball, 4MD) Mike O'Bryan to second | Batting: LHB Alberto Paz | 0-0: Ball 1-0: Ball Mike O'Bryan steals 3rd base 2-0: Foul Ball, location: 2F 2-1: Grounds into double play, 4-6-3 (Groundball, 4) | Bottom of the 4th over - 0 runs, 2 hits, 0 errors, 1 left on base; Kentucky 5 - Iowa State 0 | TOP OF THE 5TH |
---|
Kentucky Wildcats batting - Pitching for Iowa State Cyclones : RHP Loren Parker | Batting: RHB Jacob Burke | 0-0: Ball 1-0: Called Strike 1-1: Called Strike 1-2: Ball 2-2: Strikes out looking | Batting: RHB Billy Forbes | 0-0: Called Strike 0-1: Swinging Strike 0-2: Ball 1-2: Strikes out looking | Batting: RHB Lewis Childress | 0-0: Called Strike 0-1: SINGLE (Groundball, 56D) | Batting: RHB Chris Young | 0-0: Ball Throwing error on steal attempt, E2 Lewis Childress to third 1-0: Swinging Strike 1-1: Ball 2-1: Called Strike 2-2: Ball 3-2: Strikes out swinging | Top of the 5th over - 0 runs, 1 hit, 1 error, 1 left on base; Kentucky 5 - Iowa State 0 | BOTTOM OF THE 5TH |
---|
Iowa State Cyclones batting - Pitching for Kentucky Wildcats : RHP Todd Frost | Batting: RHB Ollie Johnson | 0-0: Foul Ball, location: 2F 0-1: Ball 1-1: Ball 2-1: DOUBLE (Line Drive, 8LD) | Batting: RHB Carlos Santana | 0-0: Ball 1-0: Ball 2-0: Foul Ball, location: 2F 2-1: Ball 3-1: Foul Ball, location: 2F 3-2: Strikes out swinging | Batting: LHB Jeff MacKinney | 0-0: Called Strike 0-1: Called Strike Ollie Johnson is caught stealing 3rd base 0-2: Ball 1-2: Foul Ball, location: 2F 1-2: Ball 2-2: Strikes out looking | Bottom of the 5th over - 0 runs, 1 hit, 0 errors, 0 left on base; Kentucky 5 - Iowa State 0 | TOP OF THE 6TH |
---|
Kentucky Wildcats batting - Pitching for Iowa State Cyclones : RHP Loren Parker | Batting: SHB Russ Beasley | 0-0: Called Strike 0-1: Called Strike 0-2: Ball 1-2: Ball 2-2: Ball 3-2: Foul Ball, location: 2F 3-2: Foul Ball, location: 2F 3-2: Strikes out swinging | Batting: LHB Caden Cleveland | 0-0: Ball 1-0: Swinging Strike 1-1: Ball 2-1: Swinging Strike 2-2: Ball 3-2: Foul Ball, location: 2F 3-2: Strikes out looking | Batting: RHB Gabriel Sánchez | 0-0: Ball 1-0: Called Strike 1-1: Foul Ball, location: 2F 1-2: Strikes out swinging | Top of the 6th over - 0 runs, 0 hits, 0 errors, 0 left on base; Kentucky 5 - Iowa State 0 | BOTTOM OF THE 6TH |
---|
Iowa State Cyclones batting - Pitching for Kentucky Wildcats : RHP Todd Frost | Batting: RHB Jim Hall | 0-0: Called Strike 0-1: Ball 1-1: Ball 2-1: Foul Ball, location: 2F 2-2: Foul Ball, location: 2F 2-2: Strikes out looking | Batting: LHB Marty Gómez | 0-0: Ball 1-0: Ball 2-0: Ball 3-0: Base on Balls | Batting: SHB Octávio Longoria | 0-0: Fly out, F6 (Popup, 6MD) | Batting: LHB Mike O'Bryan | 0-0: SINGLE (Flyball, 7LS) Marty Gómez to second | Batting: SHB Ralph Marshall | 0-0: Ball 1-0: Fly out, F8 (Line Drive, 8RM) | Bottom of the 6th over - 0 runs, 1 hit, 0 errors, 2 left on base; Kentucky 5 - Iowa State 0 | TOP OF THE 7TH |
---|
Kentucky Wildcats batting - Pitching for Iowa State Cyclones : RHP Loren Parker | Batting: RHB Sam Robinson | 0-0: Ball 1-0: Ball 2-0: Ball 3-0: Called Strike 3-1: Base on Balls | Pitching: LHP Elton Wilson | | Batting: RHB Ken Jenkins | 0-0: Ball 1-0: Foul Ball, location: 2F 1-1: DOUBLE (Line Drive, 78D) Sam Robinson to third Runner from 3rd tries for Home, SAFE, no throw | Batting: RHB Jacob Burke | 0-0: Ball 1-0: Ball 2-0: Called Strike 2-1: SINGLE (Flyball, 78M) Ken Jenkins to third | Batting: RHB Billy Forbes | 0-0: Fly out, F9 (Flyball, 9) | Batting: RHB Lewis Childress | 0-0: Ball 1-0: Grounds into double play, 6-4-3 (Groundball, 6M) | Top of the 7th over - 1 run, 2 hits, 0 errors, 1 left on base; Kentucky 6 - Iowa State 0 | BOTTOM OF THE 7TH |
---|
Iowa State Cyclones batting - Pitching for Kentucky Wildcats : RHP Todd Frost | Batting: LHB Alberto Paz | 0-0: DOUBLE (Line Drive, 7LD) | Pitching: LHP José Castellanos | | Batting: RHB Ollie Johnson | 0-0: Ground out 6-3 (Groundball, 6MS) Alberto Paz to third | Batting: RHB Carlos Santana | 0-0: Ball 1-0: Called Strike 1-1: Swinging Strike 1-2: Ball 2-2: Ball 3-2: Foul Ball, location: 2F 3-2: Strikes out swinging | Batting: LHB Jeff MacKinney | 0-0: Ball 1-0: Ball 2-0: Reached on error, E5 (Popup, 56) Alberto Paz scores | Batting: RHB Jim Hall | 0-0: Called Strike 0-1: Foul Ball, location: 2F 0-2: Ball 1-2: Ball 2-2: Foul Ball, location: 2F 2-2: Strikes out swinging | Bottom of the 7th over - 1 run, 1 hit, 1 error, 1 left on base; Kentucky 6 - Iowa State 1 | TOP OF THE 8TH |
---|
Kentucky Wildcats batting - Pitching for Iowa State Cyclones : LHP Elton Wilson | Batting: RHB Chris Young | 0-0: Swinging Strike 0-1: Ball 1-1: Ball 2-1: Swinging Strike 2-2: Foul Ball, location: 2F 2-2: Strikes out swinging | Batting: SHB Russ Beasley | 0-0: Called Strike 0-1: Foul Ball, location: 2F 0-2: Strikes out looking | Batting: LHB Caden Cleveland | 0-0: Ball 1-0: Ball 2-0: Ball 3-0: Base on Balls | Batting: RHB Gabriel Sánchez | 0-0: Ball Wild Pitch! Caden Cleveland to second 1-0: Ball 2-0: Foul Ball, location: 2F 2-1: Called Strike 2-2: Ball 3-2: SINGLE (Line Drive, 56) Caden Cleveland to third Caden Cleveland scores | Batting: RHB Sam Robinson | 0-0: Called Strike 0-1: Called Strike 0-2: Ball 1-2: Foul Ball, location: 2F 1-2: Fly out, F4 (Popup, 4D) | Top of the 8th over - 1 run, 1 hit, 0 errors, 1 left on base; Kentucky 7 - Iowa State 1 | BOTTOM OF THE 8TH |
---|
Iowa State Cyclones batting - Pitching for Kentucky Wildcats : LHP José Castellanos | Batting: LHB Marty Gómez | 0-0: Foul Ball, location: 2F 0-1: Fly out, F9 (Line Drive, 89D) | Batting: SHB Octávio Longoria | 0-0: Ball 1-0: Fly out, F8 (Flyball, 8RD) | Batting: LHB Mike O'Bryan | 0-0: Fly out, F7 (Flyball, 7LS) | Bottom of the 8th over - 0 runs, 0 hits, 0 errors, 0 left on base; Kentucky 7 - Iowa State 1 | TOP OF THE 9TH |
---|
Kentucky Wildcats batting - Pitching for Iowa State Cyclones : LHP Elton Wilson | Batting: RHB Ken Jenkins | 0-0: Ball 1-0: Ball 2-0: Fly out, F9 (Flyball, 9S) | Batting: RHB Jacob Burke | 0-0: Foul Ball, location: 2F 0-1: Fly out, F7 (Flyball, 78D) | Batting: RHB Billy Forbes | 0-0: Called Strike 0-1: Foul Ball, location: 2F 0-2: Ball 1-2: Foul Ball, location: 2F 1-2: Ball 2-2: Foul Ball, location: 2F 2-2: Ball 3-2: Foul Ball, location: 2F 3-2: Base on Balls | Batting: RHB Lewis Childress | 0-0: Ball 1-0: Foul Ball, location: 2F 1-1: Fly out, F8 (Flyball, 8LM) | Top of the 9th over - 0 runs, 0 hits, 0 errors, 1 left on base; Kentucky 7 - Iowa State 1 | BOTTOM OF THE 9TH |
---|
Iowa State Cyclones batting - Pitching for Kentucky Wildcats : LHP José Castellanos | Batting: SHB Ralph Marshall | 0-0: Ball 1-0: Ball 2-0: Foul Ball, location: 2F 2-1: Ball 3-1: Base on Balls | Batting: LHB Alberto Paz | 0-0: Swinging Strike 0-1: Ball Wild Pitch! Ralph Marshall to second 1-1: Ball 2-1: Ground out 6-3 (Groundball, 6M) Ralph Marshall to third | Batting: RHB Ollie Johnson | 0-0: Ball 1-0: Called Strike 1-1: DOUBLE (Line Drive, 7LM) Ralph Marshall scores | Batting: RHB Carlos Santana | 0-0: Called Strike 0-1: SINGLE (Flyball, 7LS) Ollie Johnson to third | Batting: LHB Jeff MacKinney | 0-0: Called Strike 0-1: Ground out 3-1 (Groundball, 34) Ollie Johnson scores Carlos Santana to second | Batting: RHB Jim Hall | 0-0: Ball 1-0: Fly out, F8 (Flyball, 8RS) | Bottom of the 9th over - 2 runs, 2 hits, 0 errors, 1 left on base; Kentucky 7 - Iowa State 3 | |